 Dungeon Crawl Stone Soup version 0.30-a0-949-g53dc5368d7 (webtiles) character file.

Game seed: 2720380879488436764

98 Querens the Shield-Bearer (level 5, -4/42 HPs)
             Began as a Formicid Fighter on Mar 27, 2023.
             Killed from afar by Sigmund (10 damage)
             ... with a puff of flame
             ... on level 3 of the Dungeon.
             The game lasted 00:03:52 (1157 turns).

Querens the Shield-Bearer (Formicid Fighter)        Turns: 1157, Time: 00:03:52

Health: -4/42      AC:  7    Str: 22    XL:     5   Next: 1%
Magic:  5/5        EV:  9    Int:  8    God:
Gold:   49         SH:  5    Dex: 13    Spells: 4/4 levels left

rFire   . . .      SeeInvis +    a - +0 war axe
rCold   . . .      Faith    .    c - +0 buckler
rNeg    . . .      Spirit   .    b - +0 scale mail
rPois   .          Reflect  .    (helmet unavailable)
rElec   .          Rampage  .    (no cloak)
rCorr   .                        (no gloves)
Will    .....                    (no boots) Stlth
                                 o - amulet of the acrobat
HPRegen 0.27/turn                (no ring)
MPRegen 0.09/turn                (no ring)

@: no status effects
A: permanent stasis, dig shafts and tunnels, antennae 3, four strong arms
a: Dig, Shaft Self


You were on level 3 of the Dungeon.
You visited 1 branch of the dungeon, and saw 3 of its levels.

You collected 166 gold pieces.
You spent 117 gold pieces at shops.

Inventory:

Hand Weapons
 a - a +0 war axe (weapon)
Armour
 b - a +0 scale mail (worn)
 c - a +0 buckler (worn)
 l - a scarf of invisibility
 n - a +2 robe of fire resistance
Jewellery
 m - an amulet of magic regeneration
 o - an amulet of the acrobat (around neck)
Wands
 i - a wand of mindburst (12)
Scrolls
 j - a scroll of noise {unknown}
 k - 2 scrolls of blinking {unknown}
 p - 2 scrolls of immolation
 q - a scroll of fog {unknown}
 r - a scroll of poison {unknown}
 s - 2 scrolls of identify
 t - a scroll of teleportation
 u - a scroll of enchant armour {unknown}
Potions
 d - a potion of might
 e - 3 potions of brilliance {unknown}
 f - 2 potions of attraction {unknown}
 g - 2 potions of heal wounds {unknown}
 h - a potion of haste {unknown}
 v - a potion of mutation {unknown}


   Skills:
 + Level 4.0 Fighting
 + Level 2.9 Axes
 + Level 4.0 Armour
 + Level 4.9 Shields


You had 4 spell levels left.
You didn't know any spells.
Your spell library was empty.

Dungeon Overview and Level Annotations

Branches:
Dungeon (3/15)

Altars:
Ru

Shops:
D:3 ?

Annotations:
D:3 Sigmund


Innate Abilities, Weirdness & Mutations

You cannot be hasted, slowed, berserked, paralysed or teleported.
You can dig through walls and to a lower floor.
You have a pair of large antennae on your head. (SInv)
Your four strong arms can wield two-handed weapons with a shield.


Message History

The magic dart hits you.
You slash Sigmund!
Sigmund is moderately wounded.
Sigmund casts a spell at you. The puff of flame misses you.
You barely miss Sigmund.
Sigmund is moderately wounded.
Sigmund hits you with a +0 scythe!
You slash Sigmund!
Sigmund is severely wounded.
Sigmund hits you with a +0 scythe.
You barely miss Sigmund.
Sigmund is severely wounded.
Sigmund hits you with a +0 scythe!
You are too injured to fight recklessly!
You are too injured to fight recklessly!
You hit Sigmund.
Sigmund is severely wounded.
Sigmund hits you but does no damage.
You closely miss Sigmund.
Sigmund is severely wounded.
Sigmund hits you with a +0 scythe!
* * * LOW HITPOINT WARNING * * *
You hit Sigmund.
Sigmund is almost dead.
Sigmund is suddenly surrounded by pale green light.
Sigmund completely misses you.
You barely miss Sigmund.
Sigmund is almost dead.
Sigmund barely misses you.
You barely miss Sigmund.
Sigmund is almost dead.
Sigmund casts a spell at you. The puff of flame hits you.
* * * LOW HITPOINT WARNING * * *
You closely miss Sigmund.
Sigmund is almost dead.
Sigmund points at you and mumbles some strange words.
The puff of flame hits you!
You die...

#....# #..# ####.####...
#....###.#### #.# #....
#....##..)..## #.###....
#....##.†#...######........
#....##.##........#...#....
#....##.####..........#....
#....#..# #.........)......
#.......###......#....##...
#.....#...@......###....##.
###..)#..##@.....>.........
##.....##................
#.....##...........[....
#....###................
#.##...#................
#.####.#................
#.# #.#................ #.#
#..................


You could see Sigmund (invisible).

Vanquished Creatures
  Jessica (D:2)
  2 adders
  3 worms
  2 dart slugs (D:2)
  An orc (D:3)
  6 ball pythons
  3 bats
  2 endoplasms (D:2)
  3 giant cockroaches
  3 goblins
  2 hobgoblins
  3 kobolds
  3 quokkas
  3 frilled lizards
  4 rats
41 creatures vanquished.

Notes
Turn   | Place    | Note
-------+----------+-------------------------------------------
     0 | D:1      | Querens the Formicid Fighter began the quest for the Orb.
     0 | D:1      | Reached XP level 1. HP: 18/18 MP: 1/1
    84 | D:1      | Found a faded altar of an unknown god.
   175 | D:1      | Reached XP level 2. HP: 24/24 MP: 2/2
   386 | D:2      | Reached XP level 3. HP: 17/29 MP: 3/3
   522 | D:2      | Noticed Jessica
   524 | D:2      | Killed Jessica
   525 | D:2      | Reached XP level 4. HP: 32/37 MP: 4/4
   822 | D:3      | Found Ysuthrag's Magic Scroll Shop.
   827 | D:3      | Bought a scroll of identify for 26 gold pieces
   827 | D:3      | Bought a scroll of teleportation for 39 gold pieces
   827 | D:3      | Bought a scroll of immolation for 52 gold pieces
   871 | D:3      | Found a sacrificial altar of Ru.
   963 | D:3      | Noticed Sigmund
  1083 | D:3      | Reached XP level 5. HP: 42/42 MP: 5/5
  1157 | D:3      | Killed from afar by Sigmund

Illustrated notes

Levels and vault maps discovered:
D:1:      lemuel_arrival_rhombus, layout_basic,
          dreamdust_ecumenical_altar_statues
D:2:      layout_rooms, uniq_jessica
D:3:      layout_rooms, nicolae_ru_the_path_less_chosen, serial_shops, shop,
          uniq_sigmund

Skill      XL: |  1  2  3  4 |
---------------+-------------+-----
Fighting       | 4 |  4.0
Armour         | 4 |  4.0
Axes           | |  2.9
Shields        | |  4.9

Action                     |  1- 3 |  4- 6 || total
---------------------------+-------+-------++-------
  Melee: War axe           |    69 |    58 ||   127
         Unarmed           |       |     1 ||     1
  Evoke: Wand              |     1 |       ||     1
 Armour: Scale mail        |    34 |    18 ||    52
  Dodge: Dodged            |    40 |    41 ||    81
  Block: Buckler           |    12 |    13 ||    25

Table legend: (Time is in decaauts)
 A = Elapsed time spent in this place.
 B = Non-inter-level travel time spent in this place.
 C = Inter-level travel time spent in this place.
 D = Time resting spent in this place.
 E = Time spent auto-exploring this place.
 F = Levels seen in this place.
 G = Mean time per level.
                   A        B        C        D        E       F      G
               +--------+--------+--------+--------+--------+-----+--------+
         Total |   1201 |   1078 |    123 |      0 |      0 |   3 |  400.3 |
       Dungeon |   1201 |   1078 |    123 |      0 |      0 |   3 |  400.3 |
               +--------+--------+--------+--------+--------+-----+--------+

Top non-repeatable levels by time:
     D:2: 437 daAuts
     D:3: 402 daAuts
     D:1: 361 daAuts
